 Dungeon Crawl Stone Soup version 0.28.0-53-g5a82cb258f (webtiles) character file.

Game seed: 13211382912185765666

200 Metae the Chopper (level 5, -1/47 HPs)
             Began as a Gnoll Cinder Acolyte on July 12, 2022.
             Was an Elder of Ignis.
             Slain by a lemure (3 damage)
             ... led by Pikel
             ... on level 3 of the Dungeon.
             The game lasted 00:19:57 (5204 turns).

Metae the Chopper (Gnoll Cinder Acolyte)            Turns: 5204, Time: 00:19:58

Health: -1/47      AC:  2    Str: 16    XL:     5   Next: 78%
Magic:  7/9        EV: 11    Int: 13    God:    Ignis [****..]
Gold:   101        SH:  0    Dex:  7    Spells: 7/10 levels left

rFire   + . .      SeeInvis .   b - +2 hand axe (flame)
rCold   . . .      Faith    .   (no shield)
rNeg    . . .      Spirit   .   d - +0 robe
rPois   .          Reflect  .   (no helmet)
rElec   .          Harm     .   k - scarf {repulsion}
rCorr   .          Rampage  .   (no gloves)
Will    .....                   (no boots)
Stlth   +.........              (no amulet)
HPRegen 0.15/turn               (no ring)
MPRegen 0.11/turn               (no ring)

@: flying, repel missiles
A: fangs 1, strong nose, distributed training
a: Renounce Religion, Fiery Armour, Foxfire Swarm, Rising Flame


You were on level 3 of the Dungeon.
You worshipped Ignis.
Ignis was greatly pleased with you.
You visited 1 branch of the dungeon, and saw 4 of its levels.

You collected 101 gold pieces.

Inventory:

Hand Weapons
 a - a +0 hunting sling
 b - a +2 hand axe of flaming (weapon)
Missiles
 j - 72 stones (quivered)
Armour
 d - a +0 robe (worn)
 k - a scarf of repulsion (worn)
Magical Staves
 o - a staff of poison
Scrolls
 e - a scroll of summoning {unknown}
 g - 3 scrolls of teleportation {unknown}
 i - 4 scrolls of identify {unknown}
 n - a scroll of enchant armour {unknown}
Potions
 c - a potion of ambrosia {unknown}
 f - a potion of flight
 h - 2 potions of magic {unknown}
 l - a potion of berserk rage {unknown}
 m - a potion of mutation {unknown}


   Skills:
 + Level 6.7 Fighting
 + Level 1.6 Short Blades
 + Level 1.6 Long Blades
 + Level 6.7 Axes
 + Level 1.6 Maces & Flails
 + Level 1.6 Polearms
 + Level 1.6 Staves
 + Level 1.6 Slings
 + Level 1.6 Bows
 + Level 1.6 Crossbows
 + Level 1.6 Throwing
 + Level 1.6 Armour
 + Level 1.6 Dodging
 + Level 1.6 Stealth
 + Level 1.6 Shields
 + Level 1.6 Unarmed Combat
 + Level 3.2 Spellcasting
 + Level 1.3 Conjurations
 + Level 1.3 Hexes
 + Level 1.3 Summonings
 + Level 1.3 Necromancy
 + Level 1.3 Translocations
 + Level 1.3 Transmutations
 + Level 5.6 Fire Magic
 + Level 1.3 Ice Magic
 + Level 1.3 Air Magic
 + Level 1.3 Earth Magic
 + Level 1.3 Poison Magic
 + Level 1.8 Invocations
 + Level 1.6 Evocations


You had 7 spell levels left.
You knew the following spells:

 Your Spells              Type           Power      Damage    Failure   Level
a - Scorch                Fire           32%        2d7       3%          2
b - Pain                  Necr           20%        1d5       13%         1

Your spell library contained the following spells:

 Spells                   Type           Power      Damage    Failure   Level
 Agony                    Necr           5%         N/A       98%         5
 Excruciating Wounds      Necr           2%         N/A       98%         5


Dungeon Overview and Level Annotations

Branches:
Dungeon (4/15)
 Temple: D:4-7

Altars:
Elyvilon
Kikubaaqudgha
Qazlal

Shops:
D:1 !


Innate Abilities, Weirdness & Mutations

You have very sharp teeth.
Your uncanny sense of smell can sniff out nearby items.
Your experience applies equally to all skills.


Message History

The lemure hits you! The ball python closely misses you.
The ball python constricts you. The lemure barely misses you.
You escape the ball python's grasp.
The lemure closely misses you. The ball python misses you.
The ball python closely misses you. The lemure hits you!
You climb upwards.
There is a stone staircase leading down here.
Cast which spell? (? or * to list) Flames lash the lemure.
The lemure is lightly wounded.
The lemure's fire resistance burns away.
The lemure hits you but does no damage. The ball python closely misses you.
The ball python grabs you. The ball python constricts you. The lemure hits you.
Activating: Foxfire Swarm
Press: ? - help, Dir - look around, f - activate Flames leap up around you!
The lemure closely misses you. The ball python bites you.
The ball python constricts you. The lemure hits you.
* * * LOW HITPOINT WARNING * * *
You escape the ball python's grasp.
Your foxfire dissipates!
The foxfire hits the lemure.
The lemure is lightly wounded.
The foxfire hits the lemure.
The lemure is lightly wounded.
The foxfire hits the ball python.
The ball python is moderately wounded.
The foxfire hits the lemure but does no damage.
The lemure is lightly wounded.
The foxfire hits the lemure.
The lemure is burned terribly!
The lemure is moderately wounded.
The lemure hits you but does no damage.
The foxfire hits the lemure!
The lemure is burned terribly!
The lemure is heavily wounded.
The lemure is no longer more vulnerable to fire.
The lemure hits you!
* * * LOW HITPOINT WARNING * * *
It was a potion of flight.
You feel very buoyant.
You fly up into the air.
The lemure hits you.
You die...

#..#.....#...#.....#..# #.#
####.....'...'.....##'# #.#
#..#.....#...#.....#..# #.##
#..÷.....#...#.....'..####...
####÷#####...#####'#####.....
#.##..#..#...#..#..#####.#..#
#.##..#..'...'..#..#.........
#.########...#######.#.#.#...
#.##.#.# #..@# #.##..#.#.#.##
#......###5#5# #.##......#.##
####.####...S# #.###.#.......
#..# #....# #.###........#
##.# #...## #........###.#
#.# ############........# #.#
#.....###..#..#..# #.#
#.............#... #.#
#.....###.........


You could see 2 lemures and a ball python.

Vanquished Creatures
  A lemure (D:3)
  14 adders
  A worm (D:2)
  2 dart slugs (D:1)
  3 orcs (D:3)
  7 ball pythons
  5 endoplasms
  2 giant cockroaches
  9 goblins
  3 hobgoblins
  3 quokkas
  5 bats
  3 frilled lizards
  4 kobolds
  10 rats
72 creatures vanquished.

Vanquished Creatures (others)
  13 foxfires (D:3)
13 creatures vanquished.

Grand Total: 85 creatures vanquished

Notes
Turn   | Place    | Note
-------+----------+-------------------------------------------
     0 | D:1      | Metae the Gnoll Cinder Acolyte began the quest for the Orb.
     0 | D:1      | Reached XP level 1. HP: 23/23 MP: 4/4
   163 | D:1      | Found Cocraehi's Distillery.
   206 | D:1      | Reached XP level 2. HP: 26/29 MP: 5/5
   725 | D:1      | Found a faded altar of an unknown god.
   996 | D:1      | Reached XP level 3. HP: 35/35 MP: 7/7
  1336 | D:2      | Reached skill level 1 in Invocations
  1645 | D:2      | Reached skill level 1 in Short Blades
  1645 | D:2      | Reached skill level 1 in Long Blades
  1645 | D:2      | Reached skill level 1 in Maces & Flails
  1645 | D:2      | Reached skill level 1 in Polearms
  1645 | D:2      | Reached skill level 1 in Staves
  1645 | D:2      | Reached skill level 1 in Slings
  1645 | D:2      | Reached skill level 1 in Bows
  1645 | D:2      | Reached skill level 1 in Crossbows
  1645 | D:2      | Reached skill level 1 in Throwing
  1645 | D:2      | Reached skill level 1 in Armour
  1645 | D:2      | Reached skill level 1 in Dodging
  1645 | D:2      | Reached skill level 1 in Stealth
  1645 | D:2      | Reached skill level 1 in Shields
  1645 | D:2      | Reached skill level 1 in Unarmed Combat
  1645 | D:2      | Reached skill level 1 in Evocations
  1790 | D:2      | Reached XP level 4. HP: 40/41 MP: 8/8
  2419 | D:2      | Reached skill level 1 in Conjurations
  2419 | D:2      | Reached skill level 1 in Hexes
  2419 | D:2      | Reached skill level 1 in Summonings
  2419 | D:2      | Reached skill level 1 in Necromancy
  2419 | D:2      | Reached skill level 1 in Translocations
  2419 | D:2      | Reached skill level 1 in Transmutations
  2419 | D:2      | Reached skill level 1 in Ice Magic
  2419 | D:2      | Reached skill level 1 in Air Magic
  2419 | D:2      | Reached skill level 1 in Earth Magic
  2419 | D:2      | Reached skill level 1 in Poison Magic
  3138 | D:3      | Found an ancient bone altar of Kikubaaqudgha.
  3148 | D:3      | Found a stormy altar of Qazlal.
  3433 | D:3      | Found a white marble altar of Elyvilon.
  3577 | D:3      | Reached XP level 5. HP: 31/47 MP: 9/9
  4843 | D:4      | Noticed a lemure
  4843 | D:4      | Noticed a lemure
  4845 | D:4      | Noticed a lemure
  4971 | D:3      | Killed a lemure
  5192 | D:3      | Learned a level 2 spell: Scorch
  5194 | D:3      | Learned a level 1 spell: Pain
  5203 | D:3      | HP: 2/47 [lemure[Pikel] (8)]
  5204 | D:3      | Slain by a lemure

Illustrated notes

Levels and vault maps discovered:
D:1:      minmay_arrival_wavy_path, layout_basic,
          hellmonk_ecumenical_altar_arch_garden, serial_shops,
          nicolae_shop_competitors_out_of_business
D:2:      layout_rooms
D:3:      layout_loops_cross, mainiacjoe_overflow_alcove_4,
          mainiacjoe_overflow_big_doors, minmay_snake_closets
D:4:      layout_cave_pools, minmay_splitting_lines, kennysheep_small_spiral,
          uniq_pikel

Skill      XL: |  1  2  3  4 |
---------------+-------------+-----
Invocations    | 1 |  1.8
Short Blades   | 1 |  1.6
Long Blades    | 1 |  1.6
Maces & Flails | 1 |  1.6
Polearms       | 1 |  1.6
Staves         | 1 |  1.6
Slings         | 1 |  1.6
Bows           | 1 |  1.6
Crossbows      | 1 |  1.6
Throwing       | 1 |  1.6
Armour         | 1 |  1.6
Dodging        | 1 |  1.6
Stealth        | 1 |  1.6
Shields        | 1 |  1.6
Unarmed Combat | 1 |  1.6
Evocations     | 1 |  1.6
Spellcasting   | 3 |  3.2
Conjurations   | 1 |  1.3
Hexes          | 1 |  1.3
Summonings     | 1 |  1.3
Necromancy     | 1 |  1.3
Translocations | 1 |  1.3
Transmutations | 1 |  1.3
Ice Magic      | 1 |  1.3
Air Magic      | 1 |  1.3
Earth Magic    | 1 |  1.3
Poison Magic   | 1 |  1.3
Fighting       | |  6.7
Axes           | |  6.7
Fire Magic     | |  5.6

Action                   |  1- 3 |  4- 6 || total
-------------------------+-------+-------++-------
Melee: Hand axe          |    76 |   126 ||   202
       Bite              |     6 |     7 ||    13
       Unarmed           |       |     2 ||     2
       Punch             |       |     2 ||     2
 Fire: Hunting sling     |    10 |    25 ||    35
Throw: Stone             |     1 |     5 ||     6
 Cast: Scorch            |       |     1 ||     1
Invok: Foxfire Swarm     |       |     2 ||     2
       Fiery Armour      |       |     1 ||     1
  Use: Potion            |       |     1 ||     1
 Stab: Sleeping          |       |     1 ||     1
Armor: Robe              |    23 |    18 ||    41
Dodge: Dodged            |    50 |    84 ||   134
